 Dungeon Crawl Stone Soup version 0.29-a0-303-ge4682ce883 (webtiles) character file.

Game seed: 15701606919635539076

1 Crownlay the Digger (level 1, 0/10 HPs)
             Began as a Gargoyle Earth Elementalist on Mar 25, 2022.
             Slain by an endoplasm (2 damage)
             ... on level 1 of the Dungeon.
             The game lasted 00:00:16 (69 turns).

Crownlay the Digger (Gargoyle Earth Elementalist)     Turns: 69, Time: 00:00:16

Health: 0/10       AC:  4    Str: 11    XL:     1   Next: 20%
Magic:  1/3        EV: 11    Int: 15    God:
Gold:   14         SH:  0    Dex: 10    Spells: 3/4 levels left

rFire   . . .      SeeInvis .   (no weapon)
rCold   . . .      Faith    .   (no shield)
rNeg    + . .      Spirit   .   b - +0 robe
rPois   ∞          Reflect  .   (no helmet)
rElec   +          Harm     .   (no cloak)
rCorr   .          Rampage  .   (no gloves)
Will    .....                   (no boots)
Stlth   ++........              (no amulet)
HPRegen 0.03/turn               (no ring)
MPRegen 0.08/turn               (no ring)

@: no status effects
A: sickness immunity, AC +2, negative energy resistance 1, electricity
resistance, torment resistance 1, petrification resistance
a: no special abilities


You were on level 1 of the Dungeon.
You visited 1 branch of the dungeon, and saw 1 of its levels.

You collected 14 gold pieces.

Inventory:

Missiles
 a - 26 stones
Armour
 b - a +0 robe (worn)
Potions
 c - a potion of magic


   Skills:
 - Level 1.5 Dodging
 - Level 2.1 Stealth
 * Level 2.0 Spellcasting
 - Level 0.7 Transmutations
 + Level 3.6 Earth Magic


You had 3 spell levels left.
You knew the following spells:

 Your Spells              Type           Power      Damage    Failure   Level
a - Sandblast             Erth           24%        2d8       4%          1

Your spell library contained the following spells:

 Spells                   Type           Power      Damage    Failure   Level
 Passwall                 Tmut/Erth      6%         N/A       14%         2
 Stone Arrow              Conj/Erth      14%        3d7       30%         3
 Petrify                  Tmut/Erth      8%         N/A       65%         4


Dungeon Overview and Level Annotations

Branches:
Dungeon (1/15)

Altars:


Innate Abilities, Weirdness & Mutations

You are immune to sickness and miasma.
Your stone body is resilient. (AC +2)
You are immune to poison.
You resist negative energy. (rN+)
You are resistant to electric shocks. (rElec)
You are resistant to unholy torment.
You are immune to petrification.


Message History

There is a dry fountain here.
You open the door.
There is an open door here.
You open the door.
There is an open door here.
You open the door.
There is an open door here.
You open the door.
There is an open door here.
A ball python comes into view.
Found a scroll labelled ZOALYS GOSYBUE.
Found a scale mail.
You can't see any susceptible monsters within range! (Use Z to cast anyway.)
The blast of sand hits the ball python!
You kill the ball python!
A ball python comes into view.
You can't see any susceptible monsters within range! (Use Z to cast anyway.)
The blast of sand hits the ball python!
You kill the ball python!
Magic restored.
A hobgoblin comes into view.
Found 18 gold pieces.
The hobgoblin shouts!
An endoplasm comes into view.
You see here a ball python corpse.
A bat comes into view.
A goblin comes into view. It is wielding a +0 club.
The blast of sand misses the hobgoblin.
The goblin shouts!
The bat hits you but does no damage.
A dart slug comes into view.
The bat barely misses you. The hobgoblin barely misses you.
The blast of sand hits the hobgoblin but does no damage.
The bat misses you. The hobgoblin hits you.
The hobgoblin attacks as you move away! The hobgoblin hits you.
* * * LOW HITPOINT WARNING * * *
The bat hits you.
* * * LOW HITPOINT WARNING * * *
The endoplasm attacks as you move away! The endoplasm hits you.
You die...

#. ##.#
####.##.#.##
..........# #
...#..#..#
#.#..#..#..#
.$.......###
.#####g.........
...w...Jg.......
.#.###..@b##.###
#.##†##...#..
.###. #.........
.....##.###...#.
#.....# ....
......#.###..?#.
......#.........
..... #..##[####
#+######.#


You could see a dart slug, an endoplasm, a hobgoblin, a goblin and a bat.

Vanquished Creatures
  2 ball pythons (D:1)
2 creatures vanquished.

Notes
Turn   | Place    | Note
-------+----------+-------------------------------------------
     0 | D:1      | Crownlay the Gargoyle Earth Elementalist began the quest
                  | for the Orb.
     0 | D:1      | Reached XP level 1. HP: 10/10 MP: 3/3
    69 | D:1      | Slain by an endoplasm

Illustrated notes

Levels and vault maps discovered:
D:1:      co_arrival_random_square_maze, layout_basic,
          hellmonk_ecumenical_altar_pennies_from_heaven, grunt_decor_resistance,
          st_stairs_8

Action                   || total
-------------------------++-------
 Cast: Sandblast         ||     4
Armor: Robe              ||     1
Dodge: Dodged            ||     3

Table legend: (Time is in decaauts)
 A = Elapsed time spent in this place.
 B = Non-inter-level travel time spent in this place.
 C = Inter-level travel time spent in this place.
 D = Time resting spent in this place.
 E = Time spent auto-exploring this place.
 F = Levels seen in this place.
 G = Mean time per level.
                   A        B        C        D        E       F      G
               +--------+--------+--------+--------+--------+-----+--------+
         Total |     69 |     69 |      0 |      0 |     55 |   1 |   69.0 |
       Dungeon |     69 |     69 |      0 |      0 |     55 |   1 |   69.0 |
               +--------+--------+--------+--------+--------+-----+--------+

Top non-repeatable levels by time:
     D:1: 69 daAuts
